 Dungeon Crawl Stone Soup version 0.23-a0-395-gcf17ac6 (webtiles) character file.

341 Ijustatesigmund the Magician (level 6, -10/44 HPs)
             Began as a Gnoll Wizard on Nov 1, 2018.
             Mangled by Menkaure (23 damage)
             ... on level 4 of the Dungeon.
             The game lasted 00:11:04 (4980 turns).

Ijustatesigmund the Magician (Gnoll Wizard)         Turns: 4980, Time: 00:11:04

Health: -10/44     AC:  5    Str:  9    XL:     6   Next: 56%
Magic:  16/16      EV: 14    Int: 20    God:
Gold:   173        SH:  4    Dex: 16    Spells: 16/19 levels left

rFire    + . .     SeeInvis +   c - +6 spear (freeze)
rCold    + . .     Gourm    .   i - +0 buckler
rNeg     . . .     Faith    .   a - +0 leather armour
rPois    .         Spirit   .   w - +0 helmet
rElec    .         Reflect  .   m - scarf {rC+ rF+}
rCorr    .         Harm     .   (no gloves)
MR       .....                  p - +0 pair of boots
Stlth    +++.......             f - amulet of rage
HPRegen  0.14/turn              r - ring of see invisible
MPRegen  0.15/turn              k - ring of flight

@: no status effects
A: distributed training, fangs 1, strong nose
a: Evoke Berserk Rage, Evoke Flight


You were on level 4 of the Dungeon.
You were not hungry.

You visited 1 branch of the dungeon, and saw 4 of its levels.

You collected 173 gold pieces.

Inventory:

Hand Weapons
 c - a +6 spear of freezing (weapon)
Armour
 a - a +0 leather armour (worn)
 i - a +0 buckler (worn)
 m - a scarf of resistance (worn)
 p - a +0 pair of boots (worn)
 w - a +0 helmet (worn)
Jewellery
 f - an amulet of rage (around neck)
 k - a ring of flight (right hand)
 r - a ring of see invisible (left hand)
Wands
 u - a wand of iceblast (7)
Scrolls
 h - 5 scrolls of amnesia
 l - a scroll of immolation
 q - a scroll of fog
 v - 2 scrolls of teleportation
Potions
 e - a potion of agility
 g - a potion of brilliance
 j - 2 potions of haste
 o - a potion of lignification
 s - a potion of might
 t - 2 potions of magic
 x - a potion of heal wounds
 z - a potion of flight {unknown}
Comestibles
 d - 8 rations


   Skills:
 + Level 2.0 Fighting
 + Level 2.0 Short Blades
 + Level 2.0 Long Blades
 + Level 2.0 Axes
 + Level 2.0 Maces & Flails
 + Level 2.0 Polearms
 + Level 2.0 Staves
 + Level 2.0 Slings
 + Level 2.0 Bows
 + Level 2.0 Crossbows
 + Level 2.0 Throwing
 + Level 2.0 Armour
 + Level 5.0 Dodging
 + Level 4.6 Stealth
 + Level 2.0 Shields
 + Level 2.0 Unarmed Combat
 + Level 7.4 Spellcasting
 + Level 2.6 Conjurations
 + Level 1.5 Hexes
 + Level 1.5 Charms
 + Level 2.6 Summonings
 + Level 1.5 Necromancy
 + Level 2.6 Translocations
 + Level 1.5 Transmutations
 + Level 1.5 Fire Magic
 + Level 1.5 Ice Magic
 + Level 1.5 Air Magic
 + Level 1.5 Earth Magic
 + Level 1.5 Poison Magic
 + Level 2.2 Invocations
 + Level 2.0 Evocations


You had 16 spell levels left.
You knew the following spells:

 Your Spells              Type           Power        Failure   Level  Hunger
a - Magic Dart            Conj           ###.         5%          1    None
b - Blink                 Tloc           N/A          9%          2    None

Your spell library contained the following spells:

 Spells                   Type           Power        Failure   Level  Hunger
 Call Imp                 Summ           ###.....     9%          2    None
 Slow                     Hex            ##......     13%         2    None
 Conjure Flame            Conj/Fire      ###.....     21%         3    #......
 Mephitic Cloud           Conj/Pois/Air  ###.....     22%         3    #......


Dungeon Overview and Level Annotations

Branches:
Dungeon (4/15)
 Temple: D:4-7

Altars:
Ashenzari
Xom
The Shining One

Annotations:
D:4 Menkaure


Innate Abilities, Weirdness & Mutations

Your experience applies equally to all skills.
You have very sharp teeth.
Your uncanny sense of smell can sniff out nearby items.


Message History

You are too injured to fight recklessly!
You are too injured to fight recklessly!
You are too injured to fight recklessly!
You are too injured to fight recklessly!
You are too injured to fight recklessly!
You are too injured to fight recklessly!
You hit Menkaure but do no damage.
Menkaure is severely damaged.
Menkaure closely misses you.
You hit Menkaure but do no damage.
Menkaure is severely damaged.
Menkaure misses you.
You hit Menkaure.
Menkaure is almost destroyed.
Menkaure barely misses you.
You barely miss Menkaure.
Menkaure is almost destroyed.
Menkaure hits you!!
Ouch! That really hurt!
You die...

#.#########
#.........#
#.....M@..#
#..#####..#
#..#$?%#..#
#..#$()#..#
#..#%?!#..######## #
#?.#####.........# ##
#................# ##.
#................# #..
....####.......#####.#


You could see Menkaure.

Vanquished Creatures
  A scorpion (D:4)
  3 worker ants
  An orc wizard (D:3)
  8 adders
  4 oozes
  2 worms (D:3)
  3 dart slugs
  3 leopard geckos
  10 orcs
  3 giant cockroaches
  7 goblins
  9 hobgoblins
  4 jackals (D:3)
  2 quokkas
  3 ball pythons
  5 bats
  7 frilled lizards
  8 kobolds
  6 rats
89 creatures vanquished.

Notes
Turn   | Place    | Note
-------+----------+-------------------------------------------
     0 | D:1      | Ijustatesigmund the Gnoll Wizard began the quest for the
                  | Orb.
     0 | D:1      | Reached XP level 1. HP: 13/13 MP: 8/8
   341 | D:1      | Reached XP level 2. HP: 19/19 MP: 5/10
   833 | D:1      | Reached XP level 3. HP: 24/25 MP: 11/11
  1205 | D:1      | Learned a level 2 spell: Blink
  1465 | D:2      | Found a shattered altar of Ashenzari.
  1485 | D:2      | Reached skill level 1 in Invocations
  2142 | D:2      | Reached skill level 1 in Fighting
  2142 | D:2      | Reached skill level 1 in Short Blades
  2142 | D:2      | Reached skill level 1 in Long Blades
  2142 | D:2      | Reached skill level 1 in Axes
  2142 | D:2      | Reached skill level 1 in Maces & Flails
  2142 | D:2      | Reached skill level 1 in Polearms
  2142 | D:2      | Reached skill level 1 in Staves
  2142 | D:2      | Reached skill level 1 in Slings
  2142 | D:2      | Reached skill level 1 in Bows
  2142 | D:2      | Reached skill level 1 in Crossbows
  2142 | D:2      | Reached skill level 1 in Throwing
  2142 | D:2      | Reached skill level 1 in Armour
  2142 | D:2      | Reached skill level 1 in Shields
  2142 | D:2      | Reached skill level 1 in Unarmed Combat
  2142 | D:2      | Reached skill level 1 in Evocations
  2142 | D:2      | Reached XP level 4. HP: 27/32 MP: 13/13
  2429 | D:2      | Reached skill level 1 in Hexes
  2429 | D:2      | Reached skill level 1 in Charms
  2429 | D:2      | Reached skill level 1 in Necromancy
  2429 | D:2      | Reached skill level 1 in Transmutations
  2429 | D:2      | Reached skill level 1 in Fire Magic
  2429 | D:2      | Reached skill level 1 in Ice Magic
  2429 | D:2      | Reached skill level 1 in Air Magic
  2429 | D:2      | Reached skill level 1 in Earth Magic
  2429 | D:2      | Reached skill level 1 in Poison Magic
  3324 | D:3      | Reached XP level 5. HP: 35/37 MP: 14/14
  3408 | D:3      | Found a shimmering altar of Xom.
  3408 | D:3      | Found a glowing golden altar of the Shining One.
  3900 | D:3      | Reached XP level 6. HP: 19/44 MP: 16/16
  4705 | D:4      | Reached skill level 5 in Dodging
  4964 | D:4      | Noticed Menkaure
  4980 | D:4      | Mangled by Menkaure

Vault maps used:
D:1:      sevenhm_arrival_forest_fort_small_4, serial_park_tiny_pond
D:2:      nicolae_ashenzari_panopticon
D:3:      gammafunk_temple_overflow_pools, minmay_cupped
D:4:      serial_glass, glass_columns_a, glass_columns_b,
          minmay_strange_pillars, minmay_strange_pillars, feat_on_display,
          due_unseen_surprise, first_ration, uniq_menkaure

Skill      XL: |  1  2  3  4  5  6 |
---------------+-------------------+-----
Conjurations   | 2 |  2.6
Summonings     | 2 |  2.6
Translocations | 2 |  2.6
Invocations    | 1 2 |  2.2
Fighting       | 1 2 |  2.0
Short Blades   | 1 2 |  2.0
Long Blades    | 1 2 |  2.0
Axes           | 1 2 |  2.0
Maces & Flails | 1 2 |  2.0
Polearms       | 1 2 |  2.0
Staves         | 1 2 |  2.0
Slings         | 1 2 |  2.0
Bows           | 1 2 |  2.0
Crossbows      | 1 2 |  2.0
Throwing       | 1 2 |  2.0
Armour         | 1 2 |  2.0
Shields        | 1 2 |  2.0
Unarmed Combat | 1 2 |  2.0
Evocations     | 1 2 |  2.0
Hexes          | 1 |  1.5
Charms         | 1 |  1.5
Necromancy     | 1 |  1.5
Transmutations | 1 |  1.5
Fire Magic     | 1 |  1.5
Ice Magic      | 1 |  1.5
Air Magic      | 1 |  1.5
Earth Magic    | 1 |  1.5
Poison Magic   | 1 |  1.5
Dodging        | 5 |  5.0
Stealth        | |  4.6
Spellcasting   | |  7.4

Action                   |  1- 3 |  4- 6 || total
-------------------------+-------+-------++-------
Melee: Spear             |    52 |   173 ||   225
       Bite              |     2 |    16 ||    18
 Cast: Magic Dart        |    27 |       ||    27
  Use: Scroll            |     5 |    14 ||    19
       Potion            |       |     3 ||     3
 Stab: Sleeping          |     5 |    12 ||    17
       Distracted        |       |     1 ||     1
  Eat: Chunk             |     4 |     7 ||    11
       Ration            |       |     1 ||     1
Armor: Robe              |     4 |       ||     4
       Leather armour    |     3 |    12 ||    15
Dodge: Dodged            |    24 |    76 ||   100
Block: Buckler           |     3 |    25 ||    28

Table legend:
 A = Non-vault XP
 B = Vault XP
 C = Vault XP percentage of total XP
 D = Non-vault monster count
 E = Vault monster count
 F = Vault count percentage of total count
                 A         B        C        D         E       F
            +---------+---------+-------+---------+---------+-------
      Total |     479 |       9 |   1.8 |      84 |       5 |   5.6
            +---------+---------+-------+---------+---------+-------
        D:1 |      44 |       0 |   0.0 |      23 |       0 |   0.0
        D:2 |      98 |       0 |   0.0 |      27 |       0 |   0.0
        D:3 |     191 |       9 |   4.5 |      29 |       5 |  14.7
        D:4 |     146 |       0 |   0.0 |       5 |       0 |   0.0
            +---------+---------+-------+---------+---------+-------
